 Dungeon Crawl Stone Soup version 0.20.1-1-g8b1a95d (webtiles) character file.

2053 Internecine the Bolt Thrower (level 9, -3/65 HPs)
             Began as a Demonspawn Arcane Marksman on Oct 2, 2017.
             Killed from afar by an acid dragon (17 damage)
             ... with a splash of acid
             ... on level 7 of the Dungeon.
             The game lasted 01:49:52 (9136 turns).

Internecine the Bolt Thrower (DsAM)                 Turns: 9136, Time: 01:49:53

Health: -3/65      AC:  7    Str: 14    XL:     9   Next: 4%
Magic:  14/14      EV: 14    Int: 15    God:
Gold:   309        SH:  0    Dex: 17    Spells: 8/15 levels left

rFire    + . .     SeeInvis .   t - +3 quarterstaff (chaos)
rCold    + + .     Gourm    .   (shield currently unavailable)
rNeg     + . .     Faith    .   L - +2 leather armour {rN+}
rPois    .         Spirit   .   (helmet restricted)
rElec    .         Reflect  .   J - scarf {rC+ rF+}
rCorr    .         Harm     .   Q - +0 pair of gloves
MR       .....                  G - +0 pair of boots
Stlth    ++........             (no amulet)
Regen    0.2/turn               F - +4 ring of strength
MPRegen  0.2/turn               (no ring)

@: very slightly contaminated
A: horns 1, cold resistance 1, powered by death 2, freezing cloud immunity,
sturdy frame 2
a: no special abilities


You were on level 7 of the Dungeon.
You were hungry.

You visited 1 branch of the dungeon, and saw 7 of its levels.

You collected 309 gold pieces.

Inventory:

Hand Weapons
 a - a +0 hand crossbow
 b - a +3 halberd
 t - a +3 quarterstaff of chaos (weapon)
 A - a +0 long sword
 H - a +3 flail of protection
 I - a +2 dagger of speed
 M - a +0 hunting sling of flaming
 X - a +2 dagger of draining
Missiles
 d - 46 bolts
 e - 29 sling bullets
 h - 8 poisoned needles
 j - 211 arrows
 n - 111 stones
 N - 5 javelins
 T - 5 tomahawks of returning (quivered)
Armour
 l - a +2 leather armour of cold resistance
 G - a +0 pair of boots (worn)
 J - a scarf of resistance (worn)
 L - a +2 leather armour of positive energy (worn)
 Q - a +0 pair of gloves (worn)
Jewellery
 F - a +4 ring of strength (left hand)
Wands
 m - a wand of polymorph (7/24)
 o - a wand of polymorph (4/24)
 p - a wand of flame (22/48)
 B - a wand of digging (21/24)
 C - a wand of random effects (21/48)
 E - a wand of acid (0/15)
Scrolls
 g - a scroll of immolation {unknown}
 q - 2 scrolls of enchant weapon {unknown}
 v - a scroll of random uselessness {unknown}
 w - a scroll of enchant armour {unknown}
 x - a scroll of remove curse
 y - 2 scrolls of amnesia {unknown}
 z - 2 scrolls of teleportation {unknown}
 U - a scroll of fear {unknown}
Potions
 i - a potion of mutation {unknown}
 k - 2 potions of lignification {unknown}
 r - a potion of magic {unknown}
 s - 3 potions of cancellation
 u - 4 potions of curing {unknown}
 D - 3 potions of flight
 K - a potion of degeneration {unknown}
 O - a potion of brilliance {unknown}
 P - a potion of invisibility {unknown}
 R - a potion of agility {unknown}
Books
 c - a book of Debilitation

   Spells                             Type                      Level
   a - Corona                         Hexes                        1
   b - Slow                           Hexes                        2
   c - Inner Flame                    Hexes/Fire                   3
   d - Portal Projectile              Hexes/Translocation          3
   e - Cause Fear                     Hexes                        4
   f - Leda's Liquefaction            Hexes/Earth                  4
Comestibles
 f - a bread ration
 V - 2 meat rations
 W - 2 fruits


   Skills:
 + Level 4.2 Fighting
 + Level 0.5 Short Blades
 + Level 1.5(1.8) Maces & Flails
 + Level 0.5(1.0) Polearms
 + Level 1.2(1.7) Staves
 + Level 2.2(2.4) Slings
 + Level 5.8 Crossbows
 + Level 0.8(1.6) Throwing
 + Level 2.1 Armour
 + Level 3.6 Dodging
 + Level 2.4 Stealth
 + Level 3.9 Spellcasting
 + Level 5.1 Hexes
 + Level 0.2 Evocations


You had 8 spell levels left.
You knew the following spells:

 Your Spells              Type           Power        Failure   Level  Hunger
a - Corona                Hex            ###....      2%          1    None
b - Slow                  Hex            ###.....     3%          2    ##.....
c - Cause Fear            Hex            ###.......   22%         4    ####...


Dungeon Overview and Level Annotations

Branches:
Dungeon (7/15)             Temple (0/1) D:7

Altars:
Elyvilon
Fedhas
Makhleb
Qazlal
Vehumet

Annotations:
D:7 exclusion: oklob sapling


Innate Abilities, Weirdness & Mutations

You have a pair of small horns on your head.
Your flesh is cold resistant. (rC+)
You regenerate health from kills.
You are immune to freezing clouds.
Your movements are less encumbered by armour. (ER -4)


Message History

Found 24 gold pieces and a bread ration.
You hit the plant but do no damage. You hit the plant but do no damage.
You headbutt the plant, but do no damage.
You sock the plant! Lightning courses through the plant!
The plant is heavily damaged.
You hit the plant but do no damage. Lightning courses through the plant!
The plant is severely damaged.
You hit the plant but do no damage.
The plant is severely damaged.
You hit the plant but do no damage.
Shadowy shapes form in the air around you, then vanish.
The plant is severely damaged.
Something bites you but does no damage. Something claws you but does no damage.
You thump the plant! You freeze the plant.
The plant is almost destroyed.
You hear a spitting sound.
A splash of acid appears from out of thin air!
The splash of acid hits you!
You die...

.D ##.# #.# #..# #
#%####.##
..#######..(.#.#
#..P..P.P###.#.#
#...PPPP.# #.(.######
#.PP..P.####.........
#.P.>PPP#........####
#PPPPP@P..#.####..#
#%$.PPPP{##..# #...
#..P.PP..##.## ####
#...###..##. #.$
#..... #. #####. . #.


You could see an oklob sapling.

Vanquished Creatures
  Grinder (D:6)
  Eustachio (D:6)
  Edmund (D:5)
  A hornet zombie (D:6)
  An orc warrior (D:6)
  A phantom (D:5)
  2 ogres
  Blork the orc (D:3)
  2 bullfrogs
  3 scorpions (D:4)
  2 howler monkeys (D:4)
  A centaur zombie (D:6)
  A hound (D:4)
  Crazy Yiuf (D:6)
  Jessica (D:2)
  A bullfrog skeleton (D:5)
  7 orc wizards
  5 worker ants
  A killer bee zombie (D:5)
  2 hound skeletons (D:4)
  Robin (D:2)
  4 gnolls
  5 adders
  4 oozes
  An adder zombie (D:5)
  2 worms
  2 dart slugs
  3 leopard geckos (D:6)
  20 orcs
  5 bats
  5 giant cockroaches
  12 hobgoblins
  6 quokkas
  4 frilled lizards
  17 goblins
  11 kobolds
  5 rats
  A fungus (D:6)
144 creatures vanquished.

Vanquished Creatures (others)
  A crimson imp (D:7)
1 creature vanquished.

Grand Total: 145 creatures vanquished

Notes
Turn   | Place    | Note
-------+----------+-------------------------------------------
     0 | D:1      | Internecine the Demonspawn Arcane Marksman began the quest for the Orb.
     0 | D:1      | Reached XP level 1. HP: 15/15 MP: 2/2
   341 | D:1      | Gained mutation: Your movements are slightly less encumbered by armour. (ER -2) [demonic ancestry]
   341 | D:1      | Reached XP level 2. HP: 21/21 MP: 3/3
   659 | D:1      | Learned a level 2 spell: Slow
  1031 | D:2      | Gained mutation: You have a pair of small horns on your head. [demonic ancestry]
  1031 | D:2      | Reached XP level 3. HP: 26/26 MP: 4/4
  1035 | D:2      | Noticed Robin
  1476 | D:2      | Killed Robin
  1476 | D:2      | Gained mutation: Your movements are less encumbered by armour. (ER -4) [demonic ancestry]
  1476 | D:2      | Reached XP level 4. HP: 32/32 MP: 5/5
  1983 | D:2      | Noticed Jessica
  1989 | D:2      | Killed Jessica
  2636 | D:3      | Reached XP level 5. HP: 31/38 MP: 4/7
  3020 | D:2      | Learned a level 4 spell: Cause Fear
  3459 | D:3      | Found a stormy altar of Qazlal.
  3466 | D:3      | Found a burning altar of Makhleb.
  3709 | D:3      | Found a white marble altar of Elyvilon.
  3793 | D:4      | Noticed Blork the orc
  3797 | D:4      | Gained mutation: Your flesh is cold resistant. (rC+) [demonic ancestry]
  3797 | D:4      | Reached XP level 6. HP: 44/44 MP: 7/9
  4536 | D:4      | Gained mutation: You are immune to freezing clouds. [demonic ancestry]
  4536 | D:4      | Reached XP level 7. HP: 51/51 MP: 8/10
  4675 | D:4      | Reached skill level 1 in Stealth
  4957 | D:4      | Reached skill level 5 in Crossbows
  5370 | D:3      | Killed Blork the orc
  5370 | D:3      | Reached skill level 1 in Armour
  5892 | D:5      | Entered Level 5 of the Dungeon
  5892 | D:5      | Noticed a two-headed ogre
  6535 | D:5      | Gained mutation: You regenerate a little health from kills. [demonic ancestry]
  6535 | D:5      | Reached XP level 8. HP: 53/58 MP: 11/13
  6879 | D:5      | Found a radiant altar of Vehumet.
  6955 | D:5      | Noticed Edmund
  6976 | D:5      | Killed Edmund
  6976 | D:5      | Reached skill level 5 in Hexes
  7109 | D:5      | Noticed Eustachio
  7176 | D:6      | Killed Eustachio
  7176 | D:6      | Reached skill level 1 in Slings
  7594 | D:6      | Found a runed door.
  7598 | D:6      | Noticed Crazy Yiuf
  7606 | D:6      | Killed Crazy Yiuf
  7606 | D:6      | Reached skill level 1 in Maces & Flails
  7961 | D:6      | Found a blossoming altar of Fedhas.
  8197 | D:6      | Noticed Grinder
  8206 | D:6      | Killed Grinder
  8262 | D:6      | Reached skill level 1 in Staves
  8792 | D:6      | Gained mutation: You regenerate health from kills. [demonic ancestry]
  8792 | D:6      | Reached XP level 9. HP: 59/65 MP: 14/14
  9116 | D:7      | Found a staircase to the Ecumenical Temple.
  9136 | D:7      | Killed from afar by an acid dragon

Skill      XL: |  1  2  3  4  5  6  7  8 |
---------------+-------------------------+-----
Crossbows      | 2 3 4 5 |  5.8
Dodging        | 2 3 |  3.6
Spellcasting   | 2 3 |  3.9
Hexes          | 4 5 |  5.1
Fighting       | 2 3 4 |  4.2
Stealth        | 1 2 |  2.4
Armour         | 1 2 |  2.1
Slings         | 2 |  2.2
Maces & Flails | 1 |  1.5
Staves         | 1 |  1.2
Short Blades   | |  0.5
Polearms       | |  0.5
Throwing       | |  0.8
Evocations     | |  0.2

Action                   |  1- 3 |  4- 6 |  7- 9 || total
-------------------------+-------+-------+-------++-------
Melee: Dagger            |       |       |    30 ||    30
       Halberd           |       |       |    22 ||    22
       Headbutt          |       |       |    23 ||    23
       Flail             |       |       |    70 ||    70
       Quarterstaff      |       |       |    46 ||    46
 Fire: Hand crossbow     |    81 |   173 |   121 ||   375
       Hunting sling     |       |       |    31 ||    31
Throw: Tomahawk          |       |       |    14 ||    14
       Stone             |       |       |     4 ||     4
 Cast: Corona            |     7 |    59 |    57 ||   123
       Slow              |       |     4 |     6 ||    10
       Cause Fear        |       |     1 |       ||     1
Evoke: Wand              |       |       |     6 ||     6
  Use: Scroll            |       |     4 |     6 ||    10
 Stab: Paralysed         |       |       |     4 ||     4
       Confused          |       |       |     1 ||     1
  Eat: Chunk             |     2 |    11 |     9 ||    22
       Fruit             |       |       |     2 ||     2
       Bread ration      |       |       |     1 ||     1
Armor: Robe              |    10 |    12 |       ||    22
       Leather armour    |       |    29 |    93 ||   122
Dodge: Dodged            |    44 |   106 |   200 ||   350
